 Dungeon Crawl Stone Soup version 0.28-a0-1374-ga75cb3825e (webtiles) character file.

Game seed: 2881729095222145939

529 esteth the Magician (level 7, -4/38 HPs)
             Began as a Deep Elf Conjurer on Dec 31, 2021.
             Slain by Pikel (13 damage)
             ... on level 4 of the Dungeon.
             The game lasted 00:12:25 (5098 turns).

esteth the Magician (Deep Elf Conjurer)             Turns: 5098, Time: 00:12:26

Health: -4/38      AC:  2    Str:  4    XL:     7   Next: 3%
Magic:  11/18      EV: 12    Int: 25    God:
Gold:   115        SH:  0    Dex: 13    Spells: 8/19 levels left

rFire   . . .      SeeInvis .   n - +4 dagger (elec)
rCold   . . .      Faith    .   (no shield)
rNeg    . . .      Spirit   .   g - +0 robe
rPois   .          Reflect  .   (no helmet)
rElec   .          Harm     .   (no cloak)
rCorr   .          Rampage  .   (no gloves)
Will    .....                   (no boots)
Stlth   ++........              (no amulet)
HPRegen 0.12/turn               (no ring)
MPRegen 0.16/turn               (no ring)

@: no status effects
A: no striking features
a: no special abilities


You were on level 4 of the Dungeon.
You visited 1 branch of the dungeon, and saw 4 of its levels.

You collected 115 gold pieces.

Inventory:

Hand Weapons
 n - a +4 dagger of electrocution (weapon)
Armour
 g - a +0 robe (worn)
 p - the +3 ring mail of Verdant Freedom {rPois rN+ Str+9 Dex-5}
   (You found it on level 4 of the Dungeon)

   Str:       It affects your strength (+9).
   Dex:       It affects your dexterity (-5).
   rPois:     It protects you from poison.
   rN:        It protects you from negative energy.
Magical Staves
 r - a staff of death
Jewellery
 f - a ring of fire
Wands
 j - a wand of acid (1)
Scrolls
 b - a scroll of identify
 c - a scroll of teleportation {unknown}
 e - a scroll of silence
 m - 2 scrolls of noise {unknown}
 q - a scroll of vulnerability {unknown}
Potions
 a - 2 potions of curing {unknown}
 d - a potion of invisibility {unknown}
 h - 2 potions of flight
 i - 2 potions of brilliance
 k - a potion of attraction {unknown}
 l - a potion of magic {unknown}
 o - a potion of degeneration {unknown}


   Skills:
 - Level 1.0 Fighting
 - Level 3.0 Dodging
 - Level 2.4 Stealth
 + Level 6.6 Spellcasting
 - Level 5.5 Conjurations
 + Level 5.6 Hexes


You had 8 spell levels left.
You knew the following spells:

 Your Spells              Type           Power      Damage    Failure   Level
a - Magic Dart            Conj           100%       1d8       1%          1
b - Searing Ray           Conj           70%        2d7       1%          2
c - Fulminant Prism       Conj/Hex       18%        3d11      7%          4
d - Iskenderun's Mystic   Conj/Tloc      22%        2d6       22%         4

Your spell library contained the following spells:

 Spells                   Type           Power      Damage    Failure   Level
 Dazzling Flash           Conj/Hex       72%        N/A       2%          3
 Inner Flame              Hex/Fire       22%        N/A       7%          3
 Cause Fear               Hex            18%        N/A       7%          4
 Summon Forest            Summ/Tloc      4%         N/A       89%         5
 Eringya's Noxious Bog    Tmut/Pois      4%         N/A       100%        6
 Summon Hydra             Summ           4%         N/A       100%        7
 Discord                  Hex            18%        N/A       100%        8


Dungeon Overview and Level Annotations

Branches:
Dungeon (4/15)
 Temple: D:4-7

Altars:
Wu Jian

Shops:
D:3 =   D:4 ((((

Annotations:
D:4 Pikel, Robin


Message History

The bolt of acid hits Pikel!
The acid corrodes Pikel!
Pikel is moderately wounded.
You hear a shout!
You don't have any such object.
Evoke which item? (* to show all) (? for menu, Esc to quit)
You don't have any such object.
Evoke which item? (* to show all) (? for menu, Esc to quit)
Aiming: Corrosive Bolt
Press: ? - help, Shift-Dir - straight line, f/p - Pikel
Aim: Pikel, wielding a +1 whip of flaming, wearing a +0 robe and carrying a wand of flame (11) (moderately wounded, covered in acid, 64% to hit)
The bolt of acid hits Pikel!
Pikel seems to be corroded for longer.
Pikel is severely wounded.
You hear a shout!
A lemure comes into view.
Aiming: Corrosive Bolt
Press: ? - help, Shift-Dir - straight line, f/p - Pikel
Aim: Pikel, wielding a +1 whip of flaming, wearing a +0 robe and carrying a wand of flame (11) (severely wounded, covered in acid, 64% to hit)
The bolt of acid misses Pikel.
The lemure shouts!
Casting: Magic Dart (safe; 1% risk of failure)
Confirm with . or Enter, or press ? or * to list all spells.
Aiming: Searing Ray (safe; 1% risk of failure)
Press: ? - help, Shift-Dir - straight line, f/p - Pikel
Aim: Pikel, wielding a +1 whip of flaming, wearing a +0 robe and carrying a wand of flame (11) (severely wounded, covered in acid, 76% to hit)
The searing ray misses Pikel. (Press . to maintain the ray.) Pikel hits you with a +1 whip of flaming!
* * * LOW HITPOINT WARNING * * *
Pikel burns you.
* * * LOW HITPOINT WARNING * * *
Casting: Searing Ray (safe; 1% risk of failure)
Confirm with . or Enter, or press ? or * to list all spells.
Restarting spell: Searing Ray (safe; 1% risk of failure)
Press: ? - help, Shift-Dir - straight line, f/p - Pikel
Aim: Pikel, wielding a +1 whip of flaming, wearing a +0 robe and carrying a wand of flame (11) (severely wounded, covered in acid, 76% to hit)
The searing ray hits Pikel.
Pikel is almost dead. (Press . to maintain the ray.) Pikel hits you with a +1 whip of flaming!
You die...

.########.##
....##....###
......####..###
......# ##...##
......# #.....##
......#
#......##
......#
#.......##
......#
#.........##
......#
#.......@..#
.....##
#........K..#
.....#
#...........55#
...###
#...............
####
##........##....
########## ####


You could see Pikel (corroded) and 2 lemures.

Vanquished Creatures
  Grinder (D:4)
  An ogre (D:4)
  A lemure (D:3)
  A hound (D:4)
  2 jellies (D:4)
  Ijyb (D:2)
  4 gnolls (D:4)
  3 adders
  A worm (D:2)
  A dart slug (D:1)
  An orc (D:3)
  2 ball pythons
  8 bats
  4 endoplasms
  A giant cockroach (D:2)
  17 goblins
  9 hobgoblins
  2 jackals (D:1)
  5 quokkas
  2 frilled lizards
  9 kobolds
  5 rats
81 creatures vanquished.

Vanquished Creatures (others)
  8 fungi (D:4)
8 creatures vanquished.

Grand Total: 89 creatures vanquished

Notes
Turn   | Place    | Note
-------+----------+-------------------------------------------
     0 | D:1      | esteth the Deep Elf Conjurer began the quest for the Orb.
     0 | D:1      | Reached XP level 1. HP: 10/10 MP: 6/6
   271 | D:1      | Reached XP level 2. HP: 15/15 MP: 5/8
   312 | D:1      | Found a faded altar of an unknown god.
  1415 | D:1      | Reached skill level 4 in Spellcasting
  1489 | D:2      | Reached skill level 5 in Conjurations
  1489 | D:2      | Reached XP level 3. HP: 19/19 MP: 5/10
  1611 | D:2      | Learned a level 2 spell: Searing Ray
  2215 | D:2      | Noticed Ijyb
  2221 | D:2      | Reached XP level 4. HP: 20/24 MP: 9/12
  2448 | D:2      | Killed Ijyb
  2637 | D:2      | Reached skill level 1 in Fighting
  2873 | D:3      | Learned a level 4 spell: Fulminant Prism
  2891 | D:3      | Reached skill level 1 in Hexes
  3376 | D:3      | Found Hocyics's Jewellery Shop.
  3648 | D:4      | Noticed Robin
  3774 | D:4      | Reached XP level 5. HP: 29/29 MP: 6/13
  3877 | D:4      | Noticed an ogre
  3883 | D:4      | Killed an ogre
  3884 | D:4      | Reached skill level 5 in Spellcasting
  3884 | D:4      | Reached XP level 6. HP: 32/34 MP: 6/15
  3970 | D:4      | Identified the +3 ring mail of Verdant Freedom {rPois rN+
                  | Str+9 Dex-5}
  3972 | D:4      | Found an ornate altar of the Wu Jian Council.
  4232 | D:4      | Found Gepsiext's Weapon Shop.
  4408 | D:4      | Found Zaphob's Antique Weapon Shop.
  4423 | D:4      | Noticed Grinder
  4427 | D:4      | Paralysed by Grinder for 3 turns
  4441 | D:4      | Killed Grinder
  4442 | D:4      | Reached skill level 6 in Spellcasting
  4442 | D:4      | Reached skill level 5 in Hexes
  4685 | D:4      | Found Giemoveki's Antique Weapon Shoppe.
  4713 | D:4      | Noticed Pikel
  4911 | D:4      | Reached XP level 7. HP: 38/38 MP: 11/18
  4955 | D:4      | Learned a level 4 spell: Iskenderun's Mystic Blast
  4986 | D:4      | Found Ysmamum's Weapon Shop.
  5098 | D:4      | Slain by Pikel

Illustrated notes

Levels and vault maps discovered:
D:1:      enne_arrival_octagon_isle, layout_basic, ebering_ecumenical_altar_box,
          grunt_decor_one_mirror
D:2:      kennysheep_the_goblin_king, layout_loops_cross, nrook_campfire
D:3:      layout_basic, serial_shops, shop
D:4:      layout_cave_pods, mainiacjoe_overflow_boulevard, serial_shops,
          nicolae_shop_temple_entry_statues_fountains, shop, kennysheep_mini,
          shop, chequers_arboretum, uniq_pikel, uniq_robin, uniq_grinder

Skill      XL: |  1  2  3  4  5  6 |
---------------+-------------------+-----
Spellcasting   | 4 5 6 |  6.6
Conjurations   | 5 |  5.5
Dodging        | 3 |  3.0
Fighting       | 1 |  1.0
Hexes          | 2 4 5 |  5.6
Stealth        | |  2.4

Action                   |  1- 3 |  4- 6 |  7- 9 || total
-------------------------+-------+-------+-------++-------
Melee: Dagger            |       |    17 |       ||    17
 Cast: Magic Dart        |    82 |    68 |     4 ||   154
       Searing Ray       |     2 |    25 |     2 ||    29
Evoke: Wand              |       |       |     3 ||     3
  Use: Scroll            |       |     5 |       ||     5
 Stab: Sleeping          |       |     3 |       ||     3
Armor: Robe              |     2 |     3 |       ||     5
Dodge: Dodged            |     8 |    16 |     1 ||    25

Table legend: (Time is in decaauts)
 A = Elapsed time spent in this place.
 B = Non-inter-level travel time spent in this place.
 C = Inter-level travel time spent in this place.
 D = Time resting spent in this place.
 E = Time spent auto-exploring this place.
 F = Levels seen in this place.
 G = Mean time per level.
                   A        B        C        D        E       F      G
               +--------+--------+--------+--------+--------+-----+--------+
         Total |   5098 |   4978 |    120 |   1374 |   3016 |   4 | 1274.5 |
       Dungeon |   5098 |   4978 |    120 |   1374 |   3016 |   4 | 1274.5 |
               +--------+--------+--------+--------+--------+-----+--------+

Top non-repeatable levels by time:
     D:1: 1483 daAuts
     D:2: 1270 daAuts
     D:4: 1234 daAuts
     D:3: 1109 daAuts
